 Dungeon Crawl Stone Soup version 0.23.1 (webtiles) character file.

Game seed: 0

231 eisn the Shield-Bearer (level 6, 0/52 HPs)
             Began as a Hill Orc Fighter on Mar 1, 2019.
             Was an Initiate of Trog.
             Slain by an iguana (1 damage)
             ... on level 4 of the Dungeon on Mar 9, 2019.
             The game lasted 00:48:16 (2826 turns).

eisn the Shield-Bearer (Hill Orc Fighter)           Turns: 2826, Time: 00:48:17

Health: 0/52       AC: 13    Str: 21    XL:     6   Next: 3%
Magic:  6/6        EV:  2    Int:  8    God:    Trog [......]
Gold:   162        SH: 14    Dex: 10    Spells: 5/5 levels left

rFire    . . .     SeeInvis .   r - +2 long sword (holy)
rCold    . . .     Gourm    .   s - +0 large shield
rNeg     . . .     Faith    .   t - +0 plate armour
rPois    .         Spirit   .   (no helmet)
rElec    .         Reflect  .   l - +0 cloak
rCorr    .         Harm     .   (no gloves)
MR       .....                  (no boots)
Stlth    ..........             (no amulet)
HPRegen  0.17/turn              (no ring)
MPRegen  0.10/turn              (no ring)

@: lethally poisoned (0 -> -4)
A: no striking features
a: Renounce Religion


You were on level 4 of the Dungeon.
You worshipped Trog.
Trog was noncommittal.
You were not hungry.

You visited 1 branch of the dungeon, and saw 4 of its levels.

You collected 162 gold pieces.

Inventory:

Hand Weapons
 a - a +0 long sword
 e - a +0 dagger
 h - a +0 dagger
 i - a +0 club
 k - a +0 dagger
 m - a +0 whip
 q - a +0 falchion
 r - a +2 long sword of holy wrath (weapon)
Missiles
 j - 40 stones (quivered)
 n - 6 tomahawks
Armour
 c - a +0 shield
 l - a +0 cloak (worn)
 s - a +0 large shield (worn)
 t - a +0 plate armour (worn)
 B - a +0 scale mail of fire resistance
Wands
 g - a wand of disintegration (14)
Scrolls
 o - a scroll of noise {unknown}
 p - 2 scrolls of remove curse {unknown}
 v - 2 scrolls of fog {unknown}
 x - a scroll of amnesia {unknown}
 y - a scroll of enchant weapon {unknown}
Potions
 d - a potion of might
 u - a potion of cancellation {unknown}
 w - a potion of flight {unknown}
 z - a potion of curing {unknown}
Comestibles
 f - 5 rations
 A - a chunk of flesh


   Skills:
 + Level 4.0 Fighting
 + Level 4.2 Long Blades
 + Level 4.3 Armour
 + Level 0.6 Dodging
 + Level 4.9 Shields


You had 5 spell levels left.
You didn't know any spells.
Your spell library was empty.

Dungeon Overview and Level Annotations

Branches:
Dungeon (4/15)
 Temple: D:4-7

Altars:
Fedhas
Kikubaaqudgha
Makhleb
Okawaru
Trog


Message History

* * * LOW HITPOINT WARNING * * *
You feel sick. The quokka barely misses you.
The orc wizard gestures at you while chanting.
The magic dart hits you but does no damage.
The iguana bites you.
* * * LOW HITPOINT WARNING * * *
You block the scorpion's attack. The quokka bites you.
* * * LOW HITPOINT WARNING * * *
You slash the orc wizard!
You kill the orc wizard!
Trog accepts your kill.
Trog appreciates your killing of a magic user.
You have reached level 6!
Your experience leads to an increase in your attributes!
Increase (S)trength, (I)ntelligence, or (D)exterity?
Uppercase letters only, please.
You feel stronger.
* * * LOW HITPOINT WARNING * * *
You feel sick. The iguana bites you.
You die...

.. . #.## .. ..#
#.###.## .....# ..
#...%.###...# #..
...#.##.##..###
...##.....#..))sr..##
.##...... ##.##l@#..#
.#.....# #'#...)#.##
.#....# #l#####...#
......#.l..'#' ##..#
......#o%o?# o #..##
.###..##.o###r #...#
.# #...####.#.. #.#.#
## #........## #.#.#
#
##....###.#####..#.#


You could see a scorpion, an iguana and a quokka.

Vanquished Creatures
  A hound (D:4)
  2 orc wizards (D:4)
  Ijyb (D:4)
  A howler monkey skeleton (D:4)
  A gnoll (D:1)
  3 adders
  3 worms
  A dart slug (D:1)
  3 leopard geckos (D:1)
  2 orcs
  3 ball pythons
  4 giant cockroaches
  12 goblins
  9 hobgoblins
  5 quokkas
  A bat (D:2)
  4 frilled lizards
  4 kobolds
  A leopard gecko skeleton (D:4)
  5 rats
66 creatures vanquished.

Notes
Turn   | Place    | Note
-------+----------+-------------------------------------------
     0 | D:1      | eisn the Hill Orc Fighter began the quest for the Orb.
     0 | D:1      | Reached XP level 1. HP: 19/19 MP: 1/1
   171 | D:1      | Reached XP level 2. HP: 15/27 MP: 2/2
   508 | D:1      | Reached XP level 3. HP: 33/33 MP: 3/3
  1086 | D:2      | Found an ancient bone altar of Kikubaaqudgha.
  1090 | D:2      | Found a blossoming altar of Fedhas.
  1105 | D:2      | pray
  1363 | D:2      | Reached XP level 4. HP: 30/40 MP: 4/4
  1656 | D:3      | Found an iron altar of Okawaru.
  2150 | D:3      | Found a bloodstained altar of Trog.
  2178 | D:3      | Became a worshipper of Trog the Wrathful
  2296 | D:3      | Found a burning altar of Makhleb.
  2393 | D:3      | Reached XP level 5. HP: 46/46 MP: 5/5
  2653 | D:4      | Noticed Ijyb
  2669 | D:4      | Killed Ijyb
  2825 | D:4      | HP: 2/46 [iguana (1)]
  2826 | D:4      | Reached XP level 6. HP: 1/52 MP: 6/6
  2826 | D:4      | Slain by an iguana

Skill      XL: |  1  2  3  4  5 |
---------------+----------------+-----
Long Blades    | 3 4 |  4.2
Fighting       | 4 |  4.0
Armour         | 4 |  4.3
Shields        | 4 |  4.9
Dodging        | |  0.6

Action                   |  1- 3 |  4- 6 || total
-------------------------+-------+-------++-------
Melee: Long sword        |   115 |   194 ||   309
  Eat: Chunk             |     2 |     5 ||     7
Armor: Scale mail        |    40 |    23 ||    63
       Plate armour      |       |    73 ||    73
Dodge: Dodged            |    27 |    12 ||    39
Block: Shield            |    67 |    13 ||    80
       Large shield      |       |   120 ||   120
       Rpst.: Long sword |     8 |     5 ||    13
